AoeStats
← ghost

Arena

504903091Analyzed
3v3 RM · 26d ago on Sep 7, 2026· 64m 23s· 6 players
Game mode
Random Map
Map size
Normal (6 player)
Population
200
Speed
Normal
Resources
Standard
Victory
Conquest
Starting age
Dark Age
Ending age
Imperial Age
RankedLock teamsTeams togetherTeam positionsShared explorationLock speedFull tech treeHidden civsTurbo modeCheats
Victory
Defeat
🇺🇸 Bohemians · United States
1079
+13
🇺🇸 Lithuanians · United States
1032
+15
🇺🇸 Burmese · United States
1029
+14
🇺🇸 Poles · United States
1013
-14
🇺🇸 Portuguese · United States
1005
-14
🇺🇸 Romans · United States
1000
-14
SloughyCarp1342
5:46 Loom
11:30 Feudal Age
16:12 Castle Age
14:29 Double-Bit Axe
20:16 Bow Saw
27:29 Chemistry
27:31 Horse Collar
31:18 Imperial Age
29:21 Town Watch
30:15 Wheelbarrow
30:01 Pikeman
31:18 Hand Cart
31:28 Squires
33:20 Masonry
34:57 Halberdier
36:17 Conscription
36:06 Wagenburg Tactics
37:30 Houfnice
38:13 Padded Archer Armor
39:27 Ballistics
39:13 Siege Engineers
40:37 Scale Mail Armor
40:49 Forging
41:41 Arson
55:15 Caravan
MasterChief6505
10:18 Feudal Age
14:11 Castle Age
12:26 Double-Bit Axe
13:22 Horse Collar
15:10 Wheelbarrow
24:40 Hand Cart
27:09 Imperial Age
25:32 Bow Saw
25:42 Stone Mining
26:19 Bloodlines
26:09 Husbandry
26:24 Forging
26:25 Scale Barding Armor
27:30 Cavalier
32:06 Chain Barding Armor
32:22 Iron Casting
32:53 Chemistry
32:27 Paladin
33:26 Gold Mining
34:57 Conscription
34:38 Tower Shields
35:31 Plate Barding Armor
36:27 Two-Man Saw
35:34 Heavy Plow
36:13 Loom
36:13 Town Watch
37:09 Hoardings
45:36 Ballistics
45:12 Murder Holes
62:33 Town Patrol
Exile
10:09 Feudal Age
14:15 Castle Age
12:12 Horse Collar
13:07 Gold Mining
25:30 Husbandry
25:58 Fervor
26:38 Heavy Plow
27:00 Stone Mining
28:42 Wheelbarrow
27:53 Loom
28:32 Scale Barding Armor
30:32 Hand Cart
32:30 Gold Shaft Mining
35:23 Redemption
34:45 Elite Skirmisher
35:19 Fletching
38:34 Imperial Age
35:32 Crossbowman
37:37 Sanctity
38:13 Bodkin Arrow
38:19 Padded Archer Armor
38:30 Forging
40:31 Block Printing
59:10 Bracer
62:47 Ballistics
63:42 Chemistry
63:35 Crop Rotation
63:14 Scale Mail Armor
64:55 Caravan
ghost
11:18 Feudal Age
16:39 Castle Age
14:37 Double-Bit Axe
14:46 Gold Mining
14:44 Horse Collar
19:06 Bow Saw
18:58 Heavy Plow
20:13 Loom
22:16 Wheelbarrow
30:32 Imperial Age
28:46 Hand Cart
30:17 Forging
30:36 Ballistics
30:35 Town Watch
31:22 Scale Barding Armor
31:44 Conscription
31:34 Ballistas
31:57 Town Patrol
32:36 Crop Rotation
32:01 Stone Mining
32:31 Bloodlines
32:27 Husbandry
33:43 Chain Barding Armor
33:58 Iron Casting
34:49 Heavy Scorpion
37:25 Chemistry
36:32 Siege Engineers
36:40 Elite Centurion
38:25 Gold Shaft Mining
38:39 Comitatenses
40:45 Blast Furnace
40:20 Plate Barding Armor
44:25 Scale Mail Armor
44:16 Fletching
50:06 Padded Archer Armor
50:53 Light Cavalry
51:44 Squires
53:23 Murder Holes
53:38 Masonry
ehh dont shout
11:25 Feudal Age
15:39 Castle Age
17:49 Wheelbarrow
20:17 Double-Bit Axe
20:15 Horse Collar
29:47 Imperial Age
29:09 Fletching
31:05 Bow Saw
30:57 Heavy Plow
35:53 Loom
36:23 Hand Cart
35:54 Town Watch
38:59 Crop Rotation
40:27 Bloodlines
40:17 Husbandry
39:38 Cavalier
41:05 Coinage
41:27 Forging
41:22 Scale Barding Armor
41:18 Padded Archer Armor
41:26 Scale Barding Armor
43:16 Chemistry
42:36 Ballistics
42:56 Elite Skirmisher
44:52 Bodkin Arrow
44:57 Padded Archer Armor
46:41 Gold Mining
46:41 Stone Mining
46:47 Stone Mining
48:53 Town Patrol
50:08 Conscription
muffinman
11:02 Feudal Age
12:59 Double-Bit Axe
13:03 Horse Collar
15:51 Castle Age
15:39 Loom
15:57 Scale Mail Armor
17:26 Wheelbarrow
17:11 Bow Saw
17:46 Forging
26:14 Imperial Age
25:20 Scale Barding Armor
24:50 Pikeman
26:10 Bloodlines
25:59 Town Watch
26:18 Heavy Plow
28:51 Conscription
33:50 Fletching
35:25 Husbandry
34:50 Light Cavalry
37:27 Squires
38:04 Iron Casting
37:50 Chain Barding Armor
37:47 Chain Mail Armor
41:27 Fortified Wall
42:18 Chemistry
42:58 Winged Hussar
45:38 Blast Furnace
47:57 Hoardings
55:10 Szlachta Privileges
54:58 Cavalier
56:12 Plate Mail Armor
55:38 Bodkin Arrow
55:44 Padded Archer Armor
55:58 Masonry
55:50 Murder Holes
61:37 Siege Engineers
62:41 Hand Cart
62:29 Town Patrol
Connection lost

Rejoining the realm…

Still unreachable

The connection could not be restored.

Session expired

The server has moved on; the page needs a fresh start.